 Dungeon Crawl Stone Soup version 0.28.0-43-g3370ac3207 (webtiles) character file.

Game seed: 16510190310130438611

27 tizbic2 the Charlatan (level 3, -2/20 HPs)
             Began as a Tengu Artificer on Mar 7, 2022.
             Slain by an adder (4 damage)
             ... on level 2 of the Dungeon.
             The game lasted 00:04:36 (1622 turns).

tizbic2 the Charlatan (Tengu Artificer)             Turns: 1622, Time: 00:04:37

Health: -2/20      AC:  3    Str: 14    XL:     3   Next: 10%
Magic:  4/4        EV: 11    Int: 11    God:
Gold:   26         SH:  0    Dex: 14    Spells: 2/2 levels left

rFire   . . .      SeeInvis +   a - +0 club
rCold   . . .      Faith    .   (no shield)
rNeg    . . .      Spirit   .   b - +0 leather armour
rPois   .          Reflect  .   (helmet restricted)
rElec   .          Harm     .   (no cloak)
rCorr   .          Rampage  .   (no gloves)
Will    .....      Clarity  +   (boots unavailable)
Stlth   +.........              (no amulet)
HPRegen 0.06/turn               f - ring of see invisible
MPRegen 0.09/turn               (no ring)

@: lethally poisoned (-2 -> -7)
A: beak, talons 3, clarity, wild magic 1
a: no special abilities


You were on level 2 of the Dungeon.
You visited 1 branch of the dungeon, and saw 2 of its levels.

You collected 26 gold pieces.

Inventory:

Hand Weapons
 a - a +0 club (weapon)
Missiles
 h - 30 stones (quivered)
 i - 27 bolts
Armour
 b - a +0 leather armour (worn)
Jewellery
 f - a ring of see invisible (left hand)
Wands
 c - a wand of flame (15)
 d - a wand of charming (15)
Scrolls
 j - a scroll of noise {unknown}
Miscellaneous
 e - a piece from Xom's chessboard (15/15)


   Skills:
 - Level 1.0 Fighting
 + Level 1.4 Staves
 - Level 2.1 Armour
 - Level 1.1 Dodging
 - Level 1.0 Stealth
 * Level 2.3 Unarmed Combat
 - Level 3.0 Evocations


You had 2 spell levels left.
You didn't know any spells.
Your spell library was empty.

Dungeon Overview and Level Annotations

Branches:
Dungeon (2/15)

Altars:


Innate Abilities, Weirdness & Mutations

You have a beak for a mouth.
You have claws for feet.
You possess an exceptional clarity of mind.
Your spells are a little harder to cast, but a little more powerful.


Message History

You barely miss the adder. Your kick misses the adder.
You punch the adder, but do no damage. The adder bites you.
The adder closely misses you.
You barely miss the adder. The adder misses you.
You hit the adder. You claw the adder.
The adder is moderately wounded.
The adder bites you but does no damage. The adder closely misses you.
You hit the adder. Your kick misses the adder.
The adder is heavily wounded.
The adder bites you. The adder closely misses you.
You hit the adder. Your kick misses the adder.
The adder is severely wounded.
The adder bites you.
You barely miss the adder. Your kick misses the adder.
The adder is severely wounded.
The adder bites you.
You are poisoned.
The adder poisons you! The adder bites you.
You are lethally poisoned!
The adder poisons you!
You hit the adder. Your kick misses the adder.
The adder is almost dead.
You feel very sick. The adder bites you but does no damage.
The adder barely misses you.
You hit the adder but do no damage.
The adder is almost dead.
* * * LOW HITPOINT WARNING * * *
You feel very sick. The adder misses you.
It was a potion of mutation.
You feel extremely strange.
You feel frail.
You feel resistant to heat.
* * * LOW HITPOINT WARNING * * *
You feel sick.
The adder bites you but does no damage. x2
Really quaff the potion of mutation?
You feel extremely strange.
You no longer feel heat resistant.
You feel robust.
Your thoughts seem clearer.
You feel less in control of your magic.
* * * LOW HITPOINT WARNING * * *
You feel sick. The adder bites you.
You die...

#.........# #.........#
#..#####..# #..#([?#).#
###########..#?([#..#
#............#S!(#..#
#.##..†#######..#####..#
#........#####.........#
#......@S..............#
##.......#.###..#####...
###...##..............#
#...# ..###..#####.##
##.## .# ..# #<# ... ..
#.# ...# .. #.# ###. ...
#.# #.##


You could see an adder.

Vanquished Creatures
  A dart slug (D:1)
  2 ball pythons (D:1)
  An endoplasm (D:1)
  2 giant cockroaches (D:1)
  A goblin (D:2)
  3 jackals (D:1)
  7 bats
  3 kobolds (D:1)
  2 rats
22 creatures vanquished.

Notes
Turn   | Place    | Note
-------+----------+-------------------------------------------
     0 | D:1      | tizbic2 the Tengu Artificer began the quest for the Orb.
     0 | D:1      | Reached XP level 1. HP: 12/12 MP: 2/2
   205 | D:1      | Reached skill level 1 in Unarmed Combat
   233 | D:1      | Found a faded altar of an unknown god.
   261 | D:1      | Reached XP level 2. HP: 16/16 MP: 3/3
   452 | D:1      | Reached skill level 1 in Staves
  1329 | D:1      | Reached XP level 3. HP: 14/20 MP: 4/4
  1621 | D:2      | Gained mutation: You are frail. (-10% HP) [potion of
                  | mutation]
  1621 | D:2      | Gained mutation: Your flesh is heat resistant. (rF+)
                  | [potion of mutation]
  1622 | D:2      | Lost mutation: Your flesh is heat resistant. (rF+) [potion
                  | of mutation]
  1622 | D:2      | Lost mutation: You are frail. (-10% HP) [potion of
                  | mutation]
  1622 | D:2      | Gained mutation: You possess an exceptional clarity of
                  | mind. [potion of mutation]
  1622 | D:2      | Gained mutation: Your spells are a little harder to cast,
                  | but a little more powerful. [potion of mutation]
  1622 | D:2      | Slain by an adder

Illustrated notes

Levels and vault maps discovered:
D:1:      minmay_arrival_hallway, layout_basic, ebering_ecumenical_altar_webs
D:2:      layout_loops_ring, due_unseen_surprise

Skill      XL: |  1  2 |
---------------+-------+-----
Unarmed Combat | 1 2 |  2.3
Staves         | 1 |  1.4
Fighting       | |  1.0
Armour         | |  2.1
Dodging        | |  1.1
Stealth        | |  1.0
Evocations     | |  3.0

Action                   || total
-------------------------++-------
Melee: Club              ||    68
       Peck              ||     8
       Kick              ||    14
       Punch             ||     1
Throw: Stone             ||     4
  Use: Potion            ||     2
 Stab: Sleeping          ||     3
Armor: Leather armour    ||    35
Dodge: Dodged            ||    46
